 Dungeon Crawl Stone Soup version 0.23-a0-239-g84a5ed292d (webtiles) character file.

315 Jesh the Covert (level 6, 0/28 HPs)
             Began as a Spriggan Enchanter on Sept 26, 2018.
             Slain by a big kobold zombie (4 damage)
             ... in an ossuary.
             The game lasted 00:15:03 (5018 turns).

Jesh the Covert (Spriggan Enchanter)                Turns: 5018, Time: 00:15:03

Health: 0/28       AC:  2    Str: 10    XL:     6   Next: 20%
Magic:  6/14       EV: 18    Int: 25    God:
Gold:   112        SH:  0    Dex: 17    Spells: 2/14 levels left

rFire    . . .     SeeInvis +   a - +1 dagger
rCold    . . .     Gourm    .   (shield restricted)
rNeg     . . .     Faith    .   b - +0 robe
rPois    .         Spirit   .   (helmet restricted)
rElec    .         Reflect  .   (no cloak)
rCorr    .         Harm     .   (gloves unavailable)
MR       +....                  (boots unavailable)
Stlth    ++++......             (no amulet)
HPRegen  0.09/turn              i - +3 ring of intelligence
MPRegen  0.14/turn              (no ring)

@: mighty, brilliant, flying, very quick
A: very small, unfitting armour, see invisible, herbivore, speed 3, slow
metabolism 2
a: no special abilities


You were in an ossuary.
You were hungry.

You visited 1 branch of the dungeon, and saw 5 of its levels.
You also visited: Ossuary.

You collected 112 gold pieces.

Inventory:

Hand Weapons
 a - a +1 dagger (weapon)
Armour
 b - a +0 robe (worn)
Jewellery
 i - a +3 ring of intelligence (left hand)
Scrolls
 k - a scroll of immolation
 n - 2 scrolls of teleportation
Potions
 j - a potion of heal wounds {unknown}
 l - a potion of agility {unknown}
 m - a potion of cancellation {unknown}
 o - a potion of haste {unknown}
Comestibles
 d - 3 rations


   Skills:
 - Level 1.1 Short Blades
 - Level 3.0 Dodging
 + Level 8.1 Stealth
 - Level 4.6 Spellcasting
 - Level 5.3 Hexes


You had 2 spell levels left.
You knew the following spells:

 Your Spells              Type           Power        Failure   Level  Hunger
a - Ensorcelled Hibernat  Hex/Ice        ####..       1%          2    None
b - Corona                Hex            #####..      1%          1    None
c - Confuse               Hex            #####...     1%          3    ##.....
d - Tukima's Dance        Hex            #####...     1%          3    ##.....
e - Dazzling Spray        Conj/Hex       ####..       1%          3    ##.....

Your spell library contained the following spells:

 Spells                   Type           Power        Failure   Level  Hunger
 Beastly Appendage        Tmut           ###...       1%          1    None
 Sticks to Snakes         Tmut           ###.....     1%          2    None
 Spider Form              Tmut/Pois      ###.......   3%          3    ##.....
 Ice Form                 Ice/Tmut       ###.....     10%         4    ####...
 Blade Hands              Tmut           ###.......   24%         5    #####..


Dungeon Overview and Level Annotations

Branches:
Dungeon (5/15)
 Temple: D:4-7

Altars:


Innate Abilities, Weirdness & Mutations

You are very small and have problems with some larger weapons.
You are too small for most types of armour.
You have supernaturally acute eyesight. (SInv)
You are a herbivore.
You cover ground extremely quickly.
You need to consume almost no food.


Message History

Unknown command.
You hit the goblin zombie.
The goblin zombie is severely damaged.
The centaur zombie hits the big kobold zombie!
The big kobold zombie barely misses you.
You catch the helpless goblin zombie completely off-guard!
You impale the goblin zombie!!
You destroy the goblin zombie!
The centaur zombie hits the human zombie but does no damage.
Casting: Confuse (safe; 1% risk of failure)
Confirm with . or Enter, or press ? or * to list all spells.
Aiming: Confuse (safe; 1% risk of failure)
Press: ? - help, Shift-Dir - straight line, f - big kobold zombie
Aim: a big kobold zombie (moderately damaged, chance to defeat MR: 80%)
Okay, then.
Unknown command.
You puncture the big kobold zombie!
The big kobold zombie is heavily damaged.
The big kobold zombie hits you.
You die...

####################
#.......Z.Z∩Z.Z.....
#.....ZZ.Z.Z........
#...##############MZ
#...# #.. #.Z.#
#...# #..
#..Z####+.... #..
#.ZZ#.....∩M# #..
#..@#.......# #..
#...#.....ZM# #..
#...#.......####Z#Z.
#...#....Z..Z....#..
#...# #.Z# #.. #...#
#ZZ# #Z. #...# #..#
#..
#...######ZM######..
#.........Z..Z.Z.Z..


You could see 2 big kobold zombies, a centaur zombie (confused) and a human
zombie.

Vanquished Creatures
  A scorpion (D:4)
  A centaur zombie (Ossuary)
  A hound (D:4)
  2 gnolls (D:4)
  9 adders
  An ooze (D:4)
  An adder zombie (D:5)
  2 worms
  4 dart slugs
  3 leopard geckos
  3 giant cockroaches
  6 goblins
  7 hobgoblins
  10 jackals
  2 kobolds
  6 bats
  4 frilled lizards
  A goblin zombie (Ossuary)
  8 hobgoblin zombies (Ossuary)
  11 kobold zombies (Ossuary)
  4 orc zombies (Ossuary)
  7 rats
94 creatures vanquished.

Vanquished Creatures (collateral kills)
  A gnoll (D:4)
1 creature vanquished.

Vanquished Creatures (others)
  A dancing weapon (D:4)
1 creature vanquished.

Grand Total: 96 creatures vanquished

Notes
Turn   | Place    | Note
-------+----------+-------------------------------------------
     0 | D:1      | Jesh the Spriggan Enchanter began the quest for the Orb.
     0 | D:1      | Reached XP level 1. HP: 9/9 MP: 5/5
   399 | D:1      | Reached XP level 2. HP: 13/13 MP: 7/7
   403 | D:1      | Learned a level 2 spell: Ensorcelled Hibernation
  1249 | D:2      | Reached XP level 3. HP: 16/16 MP: 1/9
  1366 | D:2      | Learned a level 3 spell: Confuse
  1370 | D:2      | Learned a level 3 spell: Tukima's Dance
  1992 | D:2      | Reached XP level 4. HP: 21/21 MP: 11/11
  2065 | D:2      | Reached skill level 5 in Hexes
  2804 | D:3      | Reached skill level 5 in Stealth
  3059 | D:3      | Reached XP level 5. HP: 24/24 MP: 3/13
  3621 | D:4      | Learned a level 3 spell: Dazzling Spray
  3631 | D:4      | Reached skill level 6 in Stealth
  3860 | D:4      | Reached skill level 7 in Stealth
  4030 | D:4      | Reached XP level 6. HP: 23/28 MP: 11/14
  4273 | D:5      | Entered Level 5 of the Dungeon
  4324 | D:5      | Found a sand-covered staircase.
  4332 | Ossuary  | Entered an ossuary
  5015 | Ossuary  | Reached skill level 8 in Stealth
  5018 | Ossuary  | Slain by a big kobold zombie

Vault maps used:
D:1:      shiori_shiawase
D:2:      serial_park_tiny_1
D:3:      serial_forest, infiniplex_forest_end_2,
          infiniplex_forest_lined_room_3, infiniplex_forest_straight_2,
          infiniplex_forest_clump_cross, infiniplex_forest_corner_1
D:5:      enter_ossuary_2, first_ration, uniq_eustachio
Ossuary:  ossuary_tomb_1

Skill      XL: |  1  2  3  4  5  6 |
---------------+-------------------+-----
Spellcasting   | 3 4 |  4.6
Hexes          | 4 5 |  5.3
Stealth        | 5 7 8 |  8.1
Short Blades   | |  1.1
Dodging        | |  3.0

Action                   |  1- 3 |  4- 6 || total
-------------------------+-------+-------++-------
Melee: Dagger            |    68 |   420 ||   488
 Cast: Corona            |     2 |     2 ||     4
       Ensorcelled Hiber |    19 |    30 ||    49
       Tukima's Dance    |       |     2 ||     2
       Confuse           |       |    12 ||    12
  Use: Scroll            |     3 |     3 ||     6
       Potion            |       |     5 ||     5
 Stab: Sleeping          |    22 |    32 ||    54
       Confused          |       |     3 ||     3
  Eat: Ration            |       |     2 ||     2
Armor: Robe              |     6 |    17 ||    23
Dodge: Dodged            |    50 |   176 ||   226

Table legend:
 A = Non-vault XP
 B = Vault XP
 C = Vault XP percentage of total XP
 D = Non-vault monster count
 E = Vault monster count
 F = Vault count percentage of total count
                 A         B        C        D         E       F
            +---------+---------+-------+---------+---------+-------
      Total |     390 |      61 |  13.5 |      70 |      25 |  26.3
            +---------+---------+-------+---------+---------+-------
        D:1 |      32 |       0 |   0.0 |      18 |       0 |   0.0
        D:2 |      84 |       0 |   0.0 |      20 |       0 |   0.0
        D:3 |      90 |       0 |   0.0 |      21 |       0 |   0.0
        D:4 |     178 |       0 |   0.0 |      10 |       0 |   0.0
        D:5 |       6 |       0 |   0.0 |       1 |       0 |   0.0
    Ossuary |       0 |      61 | 100.0 |       0 |      25 | 100.0
            +---------+---------+-------+---------+---------+-------
